 Dungeon Crawl Stone Soup version 0.26-a0-667-g92642533e4 (webtiles) character file.

Game seed: 9535849566666452719

6482 Whiskey the Blocker (level 11, -9/89 HPs)
             Began as a Formicid Fighter on Oct 16, 2020.
             Was a High Priest of Okawaru.
             Hit by a large rock thrown by a cyclops (19 damage)
             ... on level 10 of the Dungeon.
             The game lasted 00:19:43 (10742 turns).

Whiskey the Blocker (Formicid Fighter)             Turns: 10742, Time: 00:19:44

Health: -9/89      AC: 18    Str: 22    XL:     11   Next: 19%
Magic:  11/11      EV: 12    Int: 10    God:    Okawaru [*****.]
Gold:   621        SH: 12    Dex: 10    Spells: 10/10 levels left

rFire    . . .     SeeInvis +   d - +0 broad axe
rCold    + . .     Faith    .   c - +0 kite shield
rNeg     . . .     Spirit   .   F - quicksilver dragon scales
rPois    .         Reflect  .   (helmet unavailable)
rElec    .         Harm     .   (no cloak)
rCorr    .         Rampage  .   (no gloves)
MR       ++...                  G - +1 pair of boots
Stlth    ..........             H - amulet of magic regeneration
HPRegen  0.24/turn              e - +4 ring of protection
MPRegen  0.37/turn              r - ring of protection from cold {rC+, !d}

@: no status effects
A: permanent stasis, dig shafts and tunnels, four strong arms, antennae 3
a: Dig, Shaft Self, Heroism, Finesse, Renounce Religion


You were on level 10 of the Dungeon.
You worshipped Okawaru.
Okawaru was extremely pleased with you.
You visited 2 branches of the dungeon, and saw 11 of its levels.
You also visited: Sewer and Ossuary.

You collected 621 gold pieces.

Inventory:

Hand Weapons
 d - a +0 broad axe (weapon)
   (You took it off Harold on level 8 of the Dungeon)
Missiles
 b - a throwing net {=f, !d}
 y - 10 javelins (quivered)
Armour
 c - a +0 kite shield (worn)
 o - the +2 robe of Mezcal {rF+, unknown}
   (You found it on level 9 of the Dungeon)

   It protects you from fire.
 F - quicksilver dragon scales (worn)
   (You found it on level 6 of the Dungeon)
 G - a +1 pair of boots (worn)
   (You found it on level 8 of the Dungeon)
Jewellery
 e - a +4 ring of protection (left hand)
   (You found it on level 1 of the Dungeon)
 r - a ring of protection from cold (right hand) {rC+, !d}
   (You found it on level 3 of the Dungeon)
 H - an amulet of magic regeneration (around neck)
   (You found it on level 10 of the Dungeon)
Wands
 k - a wand of iceblast (8)
   (You found it on level 2 of the Dungeon)
 q - a wand of digging (6)
   (You found it on level 3 of the Dungeon)
 E - a wand of paralysis (9)
   (You found it on level 8 of the Dungeon)
Scrolls
 f - 5 scrolls of teleportation
 g - 7 scrolls of identify
 h - 3 scrolls of enchant weapon
 j - 3 scrolls of enchant armour
 m - 3 scrolls of remove curse
 p - 4 scrolls of amnesia
 v - a scroll of brand weapon {unknown}
 x - 3 scrolls of blinking {!r}
 z - a scroll of silence {unknown}
 A - a scroll of fear
 C - a scroll of noise {unknown}
 D - 2 scrolls of magic mapping {!r}
Potions
 i - 5 potions of stabbing
 l - 3 potions of flight {unknown}
 n - 2 potions of berserk rage {unknown}
 s - 7 potions of curing
 t - a potion of degeneration {unknown}
 u - 4 potions of heal wounds {unknown}
 w - 2 potions of invisibility
 B - a potion of haste
Miscellaneous
 a - a box of beasts (3/3)
   (You found it on level 9 of the Dungeon)


   Skills:
 + Level 9.5 Fighting
 + Level 8.4 Axes
 - Level 8.0 Armour
 + Level 4.4 Dodging
 + Level 10.3 Shields


You had 10 spell levels left.
You didn't know any spells.
Your spell library was empty.

Dungeon Overview and Level Annotations

Branches:
Dungeon (10/15)            Temple (1/1) D:6            Lair (0/6) D:8
  Sewer (visited)         Ossuary (visited)
    Orc: D:9-12

Altars:
Ashenzari
Cheibriados
Dithmenos
Elyvilon
Fedhas
Gozag
Hepliaklqana
Kikubaaqudgha
Makhleb
Nemelex Xobeh
Okawaru
Qazlal
Ru
Sif Muna
Trog
Uskayaw
Vehumet
Wu Jian
Xom
Yredelemnul
Zin
The Shining One


Innate Abilities, Weirdness & Mutations

You cannot be hasted, slowed, berserked, paralysed or teleported.
You can dig through walls and to a lower floor.
Your four strong arms can wield two-handed weapons with a shield.
You have a pair of large antennae on your head. (SInv)


Message History

You hit the water moccasin. You barely miss the howler monkey.
You hear a bellow!
The howler monkey hoots and howls with incredible vigour!
You block the water moccasin's attack.
The centaur wields a +0 shortbow.
The centaur shoots an arrow.
You block the arrow. The howler monkey barely misses you.
The water moccasin bites you but does no damage.
You hear a bellow! x3
You closely miss the water moccasin. You slash the howler monkey!
The centaur shoots an arrow.
You block the arrow.
The water moccasin bites you but does no damage.
The howler monkey barely misses you.
You miss the water moccasin. You slash the howler monkey!
You kill the howler monkey!
Okawaru accepts your kill.
The centaur shoots an arrow.
The arrow hits you but does no damage.
The water moccasin bites you but does no damage.
The centaur shoots an arrow.
The arrow hits you.
The water moccasin bites you but does no damage.
You hit the water moccasin but do no damage.
The hound pauses to sniff the ground.
The water moccasin closely misses you.
The water moccasin bites you but does no damage.
You closely miss the water moccasin. You hit the centaur.
The centaur unwields a +0 shortbow.
You block the centaur's attack. You block the water moccasin's attack.
You miss the water moccasin. You barely miss the centaur.
You block the water moccasin's attack. The centaur barely misses you.
The water moccasin bites you.
You are poisoned.
The water moccasin poisons you! You block the centaur's attack.
You miss the water moccasin. You hit the centaur.
You feel sick.
The centaur hits you but does no damage.
The water moccasin completely misses you.
You block the centaur's attack.
You closely miss the water moccasin. You barely miss the centaur.
You feel sick.
The water moccasin bites you but does no damage.
You block the centaur's attack. The water moccasin misses you.
You miss the water moccasin. You hit the centaur.
You feel sick. You block the centaur's attack.
The water moccasin bites you but does no damage.
You block the centaur's attack. You block the water moccasin's attack.
You closely miss the water moccasin. You hit the centaur.
You feel sick. You block the centaur's attack.
You block the water moccasin's attack. You block the centaur's attack.
You closely miss the water moccasin. You barely miss the centaur.
You hit the cyclops. You block the water moccasin's attack.
The centaur misses you.
The water moccasin completely misses you.
You block the cyclops's attack.
The centaur hits you but does no damage.
You hit the water moccasin. You slash the cyclops! You hit the deep elf mage.
You slash the centaur!
You feel sick. You block the water moccasin's attack.
The deep elf mage gestures at you while chanting.
The bolt of lightning hits you! The centaur hits you.
The water moccasin bites you. You block the cyclops's attack.
The deep elf mage hits you but does no damage.
You hit the centaur but do no damage. You barely miss the water moccasin.
You hit the cyclops but do no damage. You barely miss the deep elf mage.
You block the centaur's attack.
The water moccasin bites you but does no damage.
The centaur hits you but does no damage.
The deep elf mage points at you and mumbles some strange words.
The bolt of lightning hits you!! You block the cyclops's attack.
You are too injured to fight recklessly!
You are too injured to fight recklessly!
You are too injured to fight recklessly!
You are too injured to fight recklessly!
You are too injured to fight recklessly!
You are too injured to fight recklessly!
You take 51 damage, and have 38/89 hp.
MASSIVE DAMAGE!!
You feel sick. The water moccasin closely misses you.
The deep elf mage mumbles some strange words.
The deep elf mage blinks!
You take 1 damage, and have 37/89 hp.
The deep elf mage mumbles some strange words.
The deep elf mage blinks!
You feel sick. You block the water moccasin's attack.
You take 1 damage, and have 37/89 hp.
The centaur wields a +0 shortbow.
The centaur shoots an arrow.
The arrow hits you but does no damage.
The deep elf mage points at you and mumbles some strange words.
The bolt of lightning hits you!!
* * * LOW HITPOINT WARNING * * *
You see here an arrow.
You take 35 damage, and have 2/89 hp.
MASSIVE DAMAGE!!
You block the water moccasin's attack.
You feel better.
The water moccasin bites you but does no damage.
The centaur unwields a +0 shortbow.
You block the centaur's attack.
The deep elf mage casts a spell.
The deep elf mage blinks!
You regained 8 hp, and now have 10/89 hp.
As you read the scroll of fear, it crumbles to dust.
You assume a fearsome visage.
The deep elf mage easily resists.
The centaur looks frightened!
The cyclops resists with some effort.
The water moccasin looks frightened!
The cyclops throws a large rock.
The large rock hits you!!
You die...

#..## #..# ##... .#
###.## #..# ###. ..#
#...## #.<# #. ...#
##...# #..# #. # ....##
##..## #..# #. #.
#...####...## #..# #.
.h# #...S......#####..#
#. ###.
##..c...†....##...#
.....#........@........#
#.........C(..e.......#
#.....(...####.......##
#........### ##......#
........## #......#
######..# ##......# ##.#
#...##..# #.# ##..###..#
#.# #..## ##.#


You could see a cyclops, a deep elf mage, a water moccasin (fleeing) and a
centaur (fleeing).

Vanquished Creatures
  Harold (D:8)
  A centaur skeleton (D:10)
  5 yaks (D:9)
  Eustachio (D:6)
  Edmund (D:6)
  2 wargs (D:8)
  3 orc warriors
  An ice beast (D:7)
  2 black bears
  2 necrophages
  4 ogres
  2 phantoms
  A centaur (D:9)
  4 bullfrogs
  A big kobold (Sewer)
  A wyvern zombie (D:9)
  A wyvern skeleton (D:9)
  8 wights
  3 scorpions (D:6)
  2 vampire bats (D:4)
  8 howler monkeys
  A crimson imp (D:4)
  3 centaur zombies
  2 human zombies (Ossuary)
  A jelly (D:5)
  7 orc priests
  4 hounds
  A bullfrog skeleton (D:9)
  3 iguanas
  7 worker ants
  4 orc wizards
  A killer bee zombie (D:5)
  A hound zombie (Ossuary)
  3 hound skeletons
  3 mummies (Ossuary)
  Robin (D:3)
  11 adders
  4 white imps
  3 ufetubi
  4 oozes
  2 adder skeletons
  7 adder zombies
  6 worms
  A dart slug (D:2)
  5 leopard geckos
  18 orcs
  7 bats
  2 bat skeletons (D:4)
  3 bat zombies (D:4)
  6 giant cockroaches
  A gnoll zombie (Ossuary)
  13 goblins
  10 hobgoblins
  10 jackals
  10 kobolds
  5 quokkas
  A ball python (D:1)
  2 frilled lizards (D:1)
  3 goblin zombies
  10 hobgoblin zombies (Ossuary)
  3 jackal zombies (Ossuary)
  4 kobold zombies (Ossuary)
  A leopard gecko skeleton (D:5)
  4 quokka zombies (Ossuary)
  10 rats
  2 rat zombies
264 creatures vanquished.

Vanquished Creatures (others)
  A fungus (D:6)
  2 plants (D:6)
3 creatures vanquished.

Grand Total: 267 creatures vanquished

Notes
Turn   | Place    | Note
-------+----------+-------------------------------------------
     0 | D:1      | Whiskey the Formicid Fighter began the quest for the Orb.
     0 | D:1      | Reached XP level 1. HP: 18/18 MP: 1/1
   105 | D:1      | Reached XP level 2. HP: 22/24 MP: 2/2
   456 | D:2      | Reached skill level 4 in Shields
   460 | D:2      | Reached XP level 3. HP: 28/29 MP: 3/3
   478 | D:2      | Found a shimmering blue altar of Sif Muna.
  1074 | D:3      | Reached XP level 4. HP: 36/37 MP: 4/4
  1261 | D:3      | Reached skill level 4 in Fighting
  1264 | D:3      | Reached skill level 4 in Armour
  1275 | D:3      | Reached XP level 5. HP: 34/42 MP: 5/5
  1376 | D:3      | Noticed Robin
  1390 | D:3      | Reached skill level 3 in Axes
  1397 | D:3      | Killed Robin
  1558 | D:3      | Found a glowing golden altar of the Shining One.
  1970 | D:4      | Found an ancient bone altar of Kikubaaqudgha.
  1985 | D:4      | Reached XP level 6. HP: 49/49 MP: 6/6
  1986 | D:4      | Reached skill level 5 in Shields
  2435 | D:4      | Found a burning altar of Makhleb.
  2506 | D:5      | Entered Level 5 of the Dungeon
  2506 | D:5      | Noticed a necrophage
  2587 | D:5      | Killed a necrophage
  2587 | D:5      | Reached skill level 5 in Fighting
  2587 | D:5      | Reached skill level 5 in Armour
  2587 | D:5      | Reached XP level 7. HP: 54/56 MP: 7/7
  2639 | D:5      | Reached skill level 4 in Axes
  2643 | D:5      | HP: 11/56 [orc priest/divine providence (16)]
  2648 | D:5      | HP: 11/56 [orc priest (1)]
  2903 | D:5      | Reached skill level 6 in Shields
  3239 | D:5      | Reached XP level 8. HP: 63/63 MP: 8/8
  3409 | D:5      | Found a blossoming altar of Fedhas.
  3409 | D:5      | Found an iron altar of Okawaru.
  3409 | D:5      | Found an ornate altar of the Wu Jian Council.
  3417 | D:5      | Became a worshipper of Warmaster Okawaru
  3586 | D:5      | Noticed a moth of wrath
  3589 | D:5      | Found a bloodstained altar of Trog.
  3592 | D:5      | Found the +3 giant club "Skullcrusher" {speed, Str+7}
  4135 | D:6      | Reached skill level 6 in Fighting
  4142 | D:6      | Reached skill level 6 in Armour
  4150 | D:6      | Found a staircase to the Ecumenical Temple.
  4151 | D:6      | Found a glowing drain.
  4160 | D:6      | Reached skill level 5 in Axes
  4166 | Sewer    | Entered a sewer
  4257 | Sewer    | Found a white marble altar of Elyvilon.
  4304 | D:6      | Noticed Eustachio
  4304 | D:6      | Noticed Edmund
  4332 | D:6      | Found a sand-covered staircase.
  4339 | Ossuary  | Entered an ossuary
  4591 | Ossuary  | Reached skill level 7 in Shields
  4624 | Ossuary  | Reached * piety under Okawaru
  4732 | D:6      | Killed Edmund
  4732 | D:6      | Reached XP level 9. HP: 71/71 MP: 9/9
  4910 | D:6      | Killed Eustachio
  5137 | D:6      | Reached skill level 7 in Fighting
  5224 | D:6      | Reached skill level 6 in Axes
  5224 | D:6      | Reached skill level 7 in Armour
  5810 | D:6      | Found a broken altar of Ashenzari.
  5813 | D:6      | Found a radiant altar of Vehumet.
  6275 | Temple   | Entered the Ecumenical Temple
  6589 | D:7      | Reached skill level 8 in Shields
  6671 | D:7      | Reached ** piety under Okawaru
  6773 | D:7      | Got a faintly humming leather armour
  7084 | D:7      | Found a shimmering altar of Xom.
  7205 | D:7      | Found a snail-covered altar of Cheibriados.
  7375 | D:8      | Identified the cursed +1 leather armour of Duck's Teeth
                  | {rPois MR+ Dex-3} (You found it on level 7 of the Dungeon)
  7910 | D:8      | HP: 16/74 [warg (9)]
  7914 | D:8      | Reached skill level 1 in Dodging
  7914 | D:8      | Reached XP level 10. HP: 18/80 MP: 10/10
  7916 | D:8      | HP: 16/80 [orc priest/nerve-wracking pain (3)]
  8271 | D:8      | Reached skill level 8 in Fighting
  8322 | D:8      | Reached skill level 8 in Armour
  8331 | D:8      | Noticed Harold
  8508 | D:8      | Reached skill level 7 in Axes
  8841 | D:8      | Found a staircase to the Lair.
  9044 | D:8      | Killed Harold
  9044 | D:8      | Reached *** piety under Okawaru
  9044 | D:8      | Reached skill level 2 in Dodging
  9044 | D:8      | Reached skill level 9 in Shields
  9424 | D:9      | Reached skill level 3 in Dodging
  9596 | D:9      | Reached **** piety under Okawaru
  9609 | D:9      | Reached skill level 9 in Fighting
  9825 | D:9      | Got a twisted robe
  9884 | D:9      | Reached skill level 8 in Axes
  9884 | D:9      | Reached skill level 10 in Shields
  9884 | D:9      | Reached XP level 11. HP: 57/89 MP: 11/11
 10138 | D:9      | Reached skill level 4 in Dodging
 10231 | D:10     | Entered Level 10 of the Dungeon
 10373 | D:10     | Reached ***** piety under Okawaru
 10718 | D:10     | Noticed a cyclops
 10720 | D:10     | Identified the +5 quarterstaff of the Throat {holy, rF-
                  | Str+2 Stlth+}
 10720 | D:10     | Noticed a deep elf mage
 10738 | D:10     | HP: 2/89 [deep elf mage/bolt of lightning (35)]
 10742 | D:10     | Hit by a large rock thrown by a cyclops

Illustrated notes

Levels and vault maps discovered:
D:1:      doesnt_arrival_eight_statues, layout_rooms
D:2:      layout_basic, overflow_temple_1_default
D:3:      layout_basic, tso_oasis_becter, uniq_robin
D:4:      layout_rooms, makhleb_grotto_becter, kennysheep_vampire_church,
          chequers_serial_rivers_marsh
D:5:      layout_rooms, tgw_trog, gammafunk_temple_overflow_claw
D:6:      old_forge, layout_basic, minitemple, minmay_temple_entry_sparse_star,
          enter_ossuary_4, cheibrodos_sewer_entry_drain, uniq_edmund,
          uniq_eustachio
D:7:      layout_basic, lemuel_round_altar, chei_slow_surprise
D:8:      layout_layer_cave, erik_lair_orcish_takeover, uniq_harold
D:9:      layout_basic
D:10:     layout_layer_cave, minmay_checkerbox
Temple:   minmay_temple_curvy_loop

Skill      XL: |  1  2  3  4  5  6  7  8  9 10 11 |
---------------+----------------------------------+-----
Shields        | 4 5 6 7 8 10 | 10.3
Fighting       | 4 5 6 7 9 |  9.5
Armour         | 4 5 6 7 8 |  8.0
Axes           | 3 4 5 6 8 |  8.4
Dodging        | 1 3 4 |  4.4

Action                   |  1- 3 |  4- 6 |  7- 9 | 10-12 || total
-------------------------+-------+-------+-------+-------++-------
Melee: War axe           |    72 |   152 |   579 |    63 ||   866
       Broad axe         |       |       |       |   168 ||   168
Throw: Javelin           |       |       |     2 |     6 ||     8
       Throwing net      |       |       |       |     1 ||     1
  Use: Scroll            |       |       |    14 |     1 ||    15
       Potion            |       |       |     2 |     2 ||     4
 Stab: Held in net/web   |       |       |     2 |       ||     2
Armor: Scale mail        |    25 |    60 |       |       ||    85
       Plate armour      |       |   104 |   261 |       ||   365
       Quicksilver drago |       |       |    48 |   118 ||   166
Dodge: Dodged            |    23 |    73 |   171 |    90 ||   357
Block: Kite shield       |    28 |   124 |   335 |   153 ||   640

Table legend: (Time is in decaauts)
 A = Elapsed time spent in this place.
 B = Non-inter-level travel time spent in this place.
 C = Inter-level travel time spent in this place.
 D = Time resting spent in this place.
 E = Time spent auto-exploring this place.
 F = Levels seen in this place.
 G = Mean time per level.
                   A        B        C        D        E       F      G
               +--------+--------+--------+--------+--------+-----+--------+
         Total |  11063 |  10485 |    578 |   1251 |   6876 |  13 |  851.0 |
       Dungeon |  10299 |   9743 |    556 |   1251 |   6421 |  10 | 1029.9 |
        Temple |    203 |    181 |     22 |      0 |    179 |   1 |  203.0 |
         Sewer |    162 |    162 |      0 |      0 |     87 |   1 |  162.0 |
       Ossuary |    397 |    397 |      0 |      0 |    188 |   1 |  397.0 |
               +--------+--------+--------+--------+--------+-----+--------+

Top non-repeatable levels by time:
     D:6: 1896 daAuts
     D:8: 1871 daAuts
     D:5: 1426 daAuts
     D:9: 992 daAuts
     D:3: 957 daAuts
     D:7: 925 daAuts
     D:4: 766 daAuts
    D:10: 521 daAuts
     D:2: 494 daAuts
     D:1: 447 daAuts
 Ossuary: 397 daAuts
  Temple: 203 daAuts
   Sewer: 162 daAuts

Table legend:
 A = Kills in this place as a percentage of kills in entire the game.
 B = Kills by you in this place as a percentage of kills by you in the entire game.
 C = Kills by friends in this place as a percentage of kills by friends in the entire game.
 D = Other kills in this place as a percentage of other kills in the entire game.
 E = Experience gained in this place as a percentage of experience gained in the entire game.
 F = Experience gained in this place divided by the number of levels of this place that you have seen.
                   A       B       C       D       E      F
               +-------+-------+-------+-------+-------+----------------------
         Total | 100.0 | 100.0 |   N/A |   N/A | 100.0 | 712.4
       Dungeon |  82.2 |  82.2 |   N/A |   N/A |  95.5 | 884.5
         Sewer |   3.4 |   3.4 |   N/A |   N/A |   1.1 | 103.0
       Ossuary |  14.4 |  14.4 |   N/A |   N/A |   3.4 | 313.0
               +-------+-------+-------+-------+-------+----------------------
